cohdb
Replays
Latest Replays
All Replays
Popular Replays
Top Player Replays
Match Explorer
How It Works
Community
CoH3 Stats
Reddit
Sign in to upload your games and track your stats! →
Sign in with Steam
Match 41977582
Unlisted
Match 41977582
Overview
Messages
Build Orders
End
Kradschützen Motorcycle Team
Selects Battlefield Espionage Battlegroup
Panzerpioneer Squad
250 Light Carrier
Panzerpioneer Squad
Panzerpioneer Squad
Panzerpioneer Squad
Construct Light Support Kompanie
Selects Intel Disruption Beacon
2.5-tonne Medical Truck
Selects 250/3 Funkpanzerwagen
Fire Support Elements
Combat Half-tracks
Flakvierling Half-track
Selects Transfer Depots
MG34 Team
Construct Panzerarmee Kommand
Pak 38 Mechanized Group
Panzer III L Medium Tank
Selects Advanced Ambush Training
Walking Stuka Rocket Launcher
Selects Disruption Operation
Armored Reserves
Vehicle Survival Package
Emergency Repair Kits
Kitsuné
aSIIDemolitionHammer
12azzmatazz
bobik
0
0
Comments
sign in to comment!
No comments posted yet!